 Dungeon Crawl Stone Soup version 0.17-a0-2073-gde5cdba (webtiles) character file.

94 brucemayne the Chopper (level 4, -8/34 HPs)
             Began as a Vine Stalker Berserker on Oct 15, 2015.
             Was a Believer of Trog.
             Mangled by an orc
             ... wielding a +0 flail
              (11 damage)
             ... on level 4 of the Dungeon.
             The game lasted 00:02:40 (686 turns).

brucemayne the Chopper (Vine Stalker Berserker)      Turns: 686, Time: 00:02:41

Health: -8/34      AC:  3    Str: 24    XL:     4   Next: 63%
Magic:  0/5        EV: 12    Int:  7    God:    Trog [**....]
Gold:   70         SH:  0    Dex: 15    Spells: 0 memorised, 3 levels left

rFire  . . .     SeeInvis .     a - +0 hand axe
rCold  . . .     Clarity  .     e - +0 leather armour (curse)
rNeg   . . .     SustAt   .     (no shield)
rPois  .         Gourm    .     (no helmet)
rElec  .         Spirit   +     (no cloak)
rCorr  .         Warding  .     (no gloves)
rMut   .         Stasis   .     (no boots)
MR     ++...                    (no amulet)
Stlth  ..........               (no ring)
                                (no ring)

@: berserking, regenerating, very quick, very resistant to hostile enchantments,
extremely unstealthy
A: fangs 2, regeneration 1, magic shield, antimagic bite, no device heal 3, rot
immunity
a: Burn Spellbooks, Berserk, Trog's Hand, Renounce Religion


You were on level 4 of the Dungeon.
You worshipped Trog.
Trog was pleased with you.
You were hungry.

You visited 1 branch of the dungeon, and saw 4 of its levels.

You collected 70 gold pieces.

Inventory:

Hand Weapons
 a - a +0 hand axe (weapon)
Missiles
 f - 2 tomahawks (quivered)
Armour
 b - a +0 animal skin
 e - a cursed +0 leather armour (worn)
 g - a +0 ring mail
Scrolls
 l - a scroll of teleportation {unknown}
 n - a scroll of fear {unknown}
Potions
 d - 2 potions of brilliance
 h - a potion of heal wounds {unknown}
 i - a potion of beneficial mutation {unknown}
 j - a potion of haste {unknown}
Comestibles
 c - 3 bread rations
 k - 2 chunks of flesh
 m - a meat ration


   Skills:
 - Level 2.6 Fighting
 + Level 4.7 Axes
 - Level 1.5 Armour
 - Level 1.5 Dodging


You had 3 spell levels left.
You didn't know any spells.

Dungeon Overview and Level Annotations

Branches:
Dungeon (4/15)
 Temple: D:4-7

Altars:

Annotations:
D:4 Dowan, Duvessa


Innate Abilities, Weirdness & Mutations

You have extremely sharp teeth.
Your natural rate of healing is unusually fast.
When hurt, damage is shared between your health and your magic reserves.
Your bite disrupts and absorbs the magic of your enemies.
Potions and wands cannot restore your health.
You are immune to rotting.


Message History

You hit the orc but do no damage. You hit the jackal but do no damage.
You are feeling hungry.
The jackal closely misses you. The orc hits you with a flail.
The orc priest invokes the aid of Beogh against you.
Something smites you!
* * * LOW HITPOINT WARNING * * *
The jackal closely misses you.
You barely miss the orc. You barely miss the jackal.
The orc wizard looks braver for a moment.
The orc barely misses you. The jackal bites you.
* * * LOW HITPOINT WARNING * * *
Unknown command.
Use which ability?
A red film seems to cover your vision as you go berserk!
You feel yourself moving faster!
You feel mighty!
You feel somewhat more hungry. The jackal closely misses you.
Duvessa drinks a potion.
Duvessa flickers and vanishes!
Deactivating autopickup; reactivate with Ctrl-A.
The orc hits you with a flail!
You die...

### #...# ##. #.##
#.# #.#####
######.# #h.....
#h{..h.## ##.[....
#h#####.###.####<#
#h# ##...## #..
#@# ##.## #.# #o#
#.# #.# #o# ###
##. .o# . ##. . .
. . .#


You could see an orc priest, an orc wizard, an orc and 3 jackals.

Vanquished Creatures
  A worker ant (D:4)
  3 gnolls
  An adder (D:4)
  A worm (D:3)
  A giant gecko (D:4)
  3 giant cockroaches
  3 hobgoblins
  A kobold (D:1)
  4 bats
  A giant newt (D:2)
  4 goblins
  6 jackals
  2 rats
31 creatures vanquished.

Notes
Turn   | Place    | Note
--------------------------------------------------------------
     0 | D:1      | brucemayne the Vine Stalker Berserker began the quest for the Orb.
     0 | D:1      | Reached XP level 1. HP: 11/11 MP: 2/2
   119 | D:2      | Reached skill level 3 in Axes
   128 | D:2      | Reached XP level 2. HP: 7/16 MP: 3/3
   458 | D:3      | Reached XP level 3. HP: 11/19 MP: 4/4
   493 | D:2      | Reached ** piety under Trog
   524 | D:1      | Reached skill level 4 in Axes
   619 | D:4      | Reached XP level 4. HP: 23/23 MP: 5/5
   648 | D:4      | Noticed Dowan
   655 | D:4      | Noticed Duvessa
   684 | D:4      | HP: 1/23 [orc priest/divine providence (11)]
   686 | D:4      | Mangled by an orc

Vault maps used:
D:1:      lightli_iron_boxes, minmay_rat_gold_closets
D:3:      gammafunk_temple_overflow_pools, first_bread,
          nicolae_underground_beach
D:4:      kennysheep_the_goblin_king, lemuel_coloured_pillars_altar,
          corner_web_ring, uniq_duvessa

Action                   |  1- 3 |  4- 6 || total
-------------------------+-------+-------++-------
Melee: Hand axe          |    60 |    10 ||    70
Invok: Berserk           |     2 |     1 ||     3
       Trog's Hand       |       |     1 ||     1
  Use: Scroll            |     1 |       ||     1
 Stab: Sleeping          |     2 |       ||     2
  Eat: Chunk             |       |     1 ||     1
